Map: Tours du crépuscule

Players

zidar

  • Race: Zerg Zerg
  • League: Silver
  • Spawn Location: 7:00

Chocoboy - Winner!

  • Race: Zerg Zerg
  • League: Diamond
  • Spawn Location: 1:00

VOD

Have the link to the VOD?

Description

Time

  • Played on: Feb. 17, 2016, 1:21 p.m.
  • Length: 9:41
Show
View Real Time Build Order
Export as new Build Order

zidar Zerg 

Build Orders: 1 Base Baneling Bust, Pool First 

Get SALT Encoding   

  12  0:01  Drone  
  13  0:23  Spawning Pool  
  12  0:30  Extractor, Drone  
  12  0:36  Overlord  
  12  1:09  Zergling x6  
  15  1:12  Queen  
  17  1:21  Zergling x2  
  18  1:32  Zergling x2  
  19  1:45  Zergling x2  
  20  1:49  Metabolic Boost  
  20  1:53  Zergling x2  
  21  2:04  Zergling x2  
  22  2:13  Pneumatized Carapace  
  19  2:49  Zergling x6  
  19  2:50  Zergling x2  
  19  3:10  Baneling Nest  
  18  3:30  Evolution Chamber  
  12  3:41  Zergling x2  
  12  3:42  Zergling x10  
  12  5:00  Zergling x16  
  12  5:01  Zergling x4  
  22  5:48  Hatchery  
  21  5:57  Drone  
  21  6:03  Overlord  
  22  6:24  Baneling  
  21  6:38  Baneling  
  21  6:39  Baneling  
  21  6:42  Baneling  
  21  6:51  Queen  
  23  6:55  Drone  
  15  8:01  Zergling x18  
  15  8:02  Zergling x2  
  25  8:23  Baneling x5  
  25  9:00  Drone x2  
  25  9:02  Drone  
Show
View Real Time Build Order
Export as new Build Order

Chocoboy Zerg - Winner!

Build Orders: Pool First 

Get SALT Encoding   

  12  0:01  Drone  
  14  0:14  Drone  
  14  0:17  Overlord  
  14  0:35  Drone x2  
  16  0:45  Drone  
  17  0:51  Spawning Pool  
  17  0:54  Drone  
  17  0:59  Drone  
  17  1:00  Extractor  
  17  1:08  Drone  
  18  1:26  Hatchery  
  18  1:28  Drone  
  18  1:33  Drone  
  18  1:37  Queen  
  21  1:44  Overlord  
  21  1:55  Zergling x2  
  22  2:04  Metabolic Boost  
  22  2:09  Drone  
  22  2:13  Queen  
  24  2:29  Zergling x4  
  17  2:49  Queen  
  17  3:05  Zergling x8  
  20  3:06  Zergling x2  
  20  3:10  Drone  
  23  3:24  Baneling Nest  
  20  3:39  Zergling x2  
  20  3:40  Zergling x4, Drone  
  22  3:54  Zergling x6  
  25  4:01  Drone  
  26  4:11  Baneling  
  26  4:12  Baneling  
  26  4:17  Drone  
  26  4:18  Drone x2  
  29  4:31  Zergling x4  
  29  4:32  Zergling x4  
  33  4:46  Zergling x6  
  34  5:06  Drone  
  35  5:08  Overlord x3  
  35  5:19  Lair  
  35  5:30  Baneling  
  35  5:39  Baneling  
  35  5:40  Baneling  
  35  5:44  Extractor  
  34  5:59  Drone  
  34  6:00  Drone x2  
  34  6:01  Drone x3  
  34  6:03  Extractor  
  39  6:04  Extractor  
  39  6:05  Drone  
  39  6:30  Drone x2  
  39  6:31  Drone x3  
  44  6:48  Drone  
  44  6:49  Drone x2  
  47  7:08  Hatchery  
  47  7:10  Drone  
  47  7:11  Drone x2  
  47  7:12  Drone x2  
  51  7:21  Spire  
  47  7:36  Drone x3  
  47  7:37  Drone x4  
  46  8:01  Zergling x4  
  46  8:02  Zergling x6  
  46  8:03  Drone  
  52  8:17  Queen  
  54  8:20  Extractor  
  54  8:24  Extractor  
  52  8:31  Drone x2  
  52  8:32  Evolution Chamber  
  52  8:34  Evolution Chamber  
  52  8:39  Drone x2  
  54  8:41  Mutalisk x2  
  54  8:42  Mutalisk x4  
  54  8:47  Overlord x4  
  66  9:05  Mutalisk x3  
  66  9:06  Mutalisk  
  66  9:07  Mutalisk  
  76  9:11  Drone  
  76  9:12  Drone  
  76  9:16  Drone x2  
Tags
 
Add a new tag
Caveats
  • Supply blocks, unpowered buildings, or Contaminate may cause inaccurate times.
  • Supply counts are checked every 10 seconds.